 Dungeon Crawl Stone Soup version 0.26-a0-259-g1effd001a9 (webtiles) character file.

Game seed: 13078344264600045638

15674 MalarOregon the Fighter (level 12, -9/115 HPs)
             Began as a Red Draconian Warper on July 11, 2020.
             Was an Initiate of Gozag.
             Mangled by a skeletal warrior
             ... wielding a +2 dire flail of flaming
              (24 damage)
             ... in a volcano on July 12, 2020.
             The game lasted 00:38:50 (18512 turns).

MalarOregon the Fighter (Red Draconian Warper)     Turns: 18512, Time: 00:38:51

Health: -9/115     AC: 15    Str: 16    XL:     12   Next: 3%
Magic:  23/23      EV: 16    Int: 16    God:    Gozag
Gold:   608        SH:  0    Dex: 11    Spells: 13/26 levels left

rFire    + + .     SeeInvis .   l - +1 dagger (holy)
rCold    + + +     Faith    .   (no shield)
rNeg     . . .     Spirit   .   (armour unavailable)
rPois    +         Reflect  .   (helmet restricted)
rElec    +         Harm     .   n - +0 cloak (curse)
rCorr    +                      m - +2 pair of gloves
MR       .....                  r - +2 pair of boots
Stlth    +.........             (no amulet)
HPRegen  0.29/turn              o - ring of protection from cold
MPRegen  0.18/turn              (no ring)

@: mighty, resistant, gold aura, berserk cooldown, stab, very slightly
contaminated, slowed, invisible (expiring), very slow
A: breathe fire, unfitting armour, cold resistance 1, fire resistance 1, poison
resistance, robust 1, cold-blooded, AC +8
a: Breathe Fire, Potion Petition, Call Merchant, Bribe Branch, Renounce Religion


You were in a volcano.
You worshipped Gozag.
Gozag was pleased with you.
You were not hungry.

You visited 2 branches of the dungeon, and saw 12 of its levels.
You also visited: Ossuary and Volcano.

You collected 2582 gold pieces.
You spent 647 gold pieces at shops.
You paid 1327 gold pieces to Gozag.

Inventory:

Hand Weapons
 a - a +0 falchion
 l - a +1 dagger of holy wrath (weapon)
   (You took it off a goblin on level 2 of the Dungeon)
 s - a +8 dagger of draining
   (You took it off Jessica on level 5 of the Dungeon)
 F - a +1 broad axe of flaming
   (You took it off Maggie on level 8 of the Dungeon)
 G - a +1 dagger of electrocution
   (You took it off an orc wizard on level 8 of the Dungeon)
Missiles
 A - 20 boomerangs (quivered)
 E - a throwing net {!f}
Armour
 m - a +2 pair of gloves (worn)
   (You found it on level 4 of the Dungeon)
 n - a cursed +0 cloak (worn)
   (You found it on level 9 of the Dungeon)
 r - a +2 pair of boots (worn)
   (You found it on level 5 of the Dungeon)
Jewellery
 o - a ring of protection from cold (left hand)
   (You found it on level 2 of the Dungeon)
 q - an uncursed amulet of magic regeneration
   (You found it on level 3 of the Dungeon)
 x - a +6 ring of strength {unknown}
   (You bought it in a shop on level 5 of the Dungeon)
 H - an uncursed ring of positive energy {unknown}
   (You found it on level 1 of the Lair of Beasts)
Wands
 u - a wand of paralysis (25)
   (You found it on level 7 of the Dungeon)
 w - a wand of clouds (4)
   (You bought it in a shop on level 5 of the Dungeon)
 C - a wand of enslavement (7)
   (You found it on level 8 of the Dungeon)
Scrolls
 b - 2 scrolls of random uselessness {unknown}
 c - 3 scrolls of identify {@r1}
 g - 2 scrolls of teleportation {@r4}
 h - a scroll of silence {unknown}
 i - 4 scrolls of fear
 j - 5 scrolls of remove curse {@r2}
 y - 5 scrolls of blinking
 B - 2 scrolls of enchant armour
 K - a scroll of fog
 L - a scroll of enchant weapon
Potions
 d - a potion of magic
 f - 3 potions of lignification {!q}
 k - 3 potions of resistance
 p - 2 potions of might
 z - 3 potions of flight
 D - a potion of haste {@q3}
 I - a potion of cancellation {unknown}
 J - 2 potions of curing {@q1}
Miscellaneous
 t - a lightning rod (inert) {!a}
   (You found it on level 1 of the Lair of Beasts)
Comestibles
 e - 27 rations {!d}


   Skills:
 + Level 9.4 Fighting
 + Level 7.6(8.7) Short Blades
 - Level 6.4(8.1) Long Blades
 + Level 4.4 Axes
   Level 0.0(2.6) Polearms
 + Level 7.6 Throwing
 + Level 8.0 Dodging
 + Level 7.9 Spellcasting
 - Level 3.0 Translocations


You had 13 spell levels left.
You knew the following spells:

 Your Spells              Type           Power        Failure   Level
b - Blink                 Tloc           N/A          4%          2
f - Mephitic Cloud        Conj/Pois/Air  #.......     34%         3
n - Summon Butterflies    Summ           #.......     12%         1
z - Orb of Destruction    Conj           #.........   100%        7

Your spell library contained the following spells:

 Spells                   Type           Power        Failure   Level
 Shroud of Golubria       Chrm/Tloc      ##....       10%         2
 Gell's Gravitas          Tloc           ###.......   10%         3
 Lesser Beckoning         Tloc           ###.......   10%         3
 Teleport Other           Tloc           ###.....     10%         3
 Passage of Golubria      Tloc           N/A          32%         4
 Dazzling Flash           Conj/Hex       #.....       34%         3
 Fulminant Prism          Conj/Hex       #.........   75%         4


Dungeon Overview and Level Annotations

Branches:
Dungeon (10/15)            Temple (0/1) D:5            Lair (2/6) D:9
 Shoals (0/4) Lair:2      Ossuary (visited)         Volcano (1/1)
  Snake: Lair:2-4    Spider: Lair:2-4       Orc: D:9-12

Altars:
Ashenzari
Dithmenos
Elyvilon
Fedhas
Gozag
Hepliaklqana
Nemelex Xobeh
Sif Muna
Trog
Wu Jian
Xom
Zin
The Shining One

Shops:
D:5 *   D:8 (

Annotations:
D:3 Sigmund
D:8 2 runed translucent doors


Innate Abilities, Weirdness & Mutations

You can breathe blasts of fire.
Your fiery red scales are hard. (AC +8)
You cannot fit into any form of body armour.
Your flesh is heat resistant. (rF+)
You are cold-blooded and may be slowed by cold attacks.
Your flesh is cold resistant. (rC+)
Your system is resistant to poisons. (rPois)
You are robust. (+10% HP)


Message History

[b] - 200 gold - heal wounds and berserk rage [c] - 768 gold - heal wounds, berserk rage, resistance, invisibility and stabbing Purchase which effect?
You no longer have enough gold to fund merchants seeking to open stores in the dungeon.
You fade into invisibility!
You feel ready to backstab.
You feel much better.
You're still recovering from your berserk rage.
The skeletal warrior hits you but does no damage.
The gargoyle hurls a stone arrow at you.
The stone arrow hits you but does no damage.
You are very lightly contaminated with residual magic.
You strike the helpless gargoyle from behind!
You hit the gargoyle but do no damage.
The gargoyle hurls a stone arrow at you.
The stone arrow hits you but does no damage.
The skeletal warrior hits you but does no damage.
You hit the gargoyle but do no damage.
The gargoyle hits you with a +0 dire flail.
* * * LOW HITPOINT WARNING * * *
The helpless gargoyle fails to defend itself.
You smack the gargoyle!
You destroy the gargoyle!
The skeletal warrior hits you with a +2 dire flail of flaming.
* * * LOW HITPOINT WARNING * * *
The helpless skeletal warrior fails to defend itself.
You smack the skeletal warrior!
Your extra speed is starting to run out.
The skeletal warrior becomes distracted by the nearby gold, dreaming of imaginary riches.
The helpless skeletal warrior fails to defend itself.
You smack the skeletal warrior!
The skeletal warrior is no longer distracted by gold.
The skeletal warrior hits you with a +2 dire flail of flaming!
* * * LOW HITPOINT WARNING * * *
The skeletal warrior burns you.
* * * LOW HITPOINT WARNING * * *
You smack the skeletal warrior!
The skeletal warrior hits you but does no damage.
You catch the helpless skeletal warrior completely off-guard!
You hit the skeletal warrior.
You feel less wooden.
Your cursed +0 cloak unmelds from your body.
Your +2 pair of gloves unmelds from your body.
Your +2 pair of boots unmelds from your body.
You feel yourself slow down.
You flicker for a moment.
Your +1 dagger of holy wrath softly glows with a divine radiance!
l - a +1 dagger of holy wrath (weapon)
The skeletal warrior hits you with a +2 dire flail of flaming!!
You die...
Your body crumbles into a pile of gold.

$ $ ## #≈≈≈§§ . ##≈§≈§≈§
#'### ##≈≈≈≈§§≈ #..⌠..
###..≈§≈≈§§
#.....##########.#...≈§≈§§
#.....$....8...+≈...§§§≈≈§
+..∩..$.z@.....+....≈§≈≈§≈
#.....$....8...+§......≈§§
+.....##########.#........
#..⌠.. #####...... #####
###.... $ ###.. ### #


You could see a skeletal warrior.

Vanquished Creatures
  An oklob plant (Lair:1)
  A black mamba (Lair:1)
  Joseph (D:8)
  2 gargoyles (Volcano)
  4 cane toads (Lair:1)
  Maggie (D:8)
  4 komodo dragons
  2 hippogriffs
  5 blink frogs (Lair:1)
  2 alligator skeletons (Volcano)
  3 flying skulls (Volcano)
  A wraith (D:8)
  16 yaks
  3 fire bats (Lair:2)
  2 basilisks (Lair:1)
  5 water moccasins
  12 porcupines
  3 black bears
  An ice beast (D:9)
  2 sky beasts
  2 orc warriors
  5 ogres
  A phantom (D:4)
  A centaur (D:5)
  3 crocodiles (Lair:1)
  Blork the orc (D:5)
  A big kobold (D:10)
  9 bullfrogs
  A wyvern zombie (D:7)
  A water moccasin skeleton (D:9)
  11 scorpions
  7 killer bees
  A wight (D:8)
  An electric eel (Lair:1)
  A howler monkey (D:9)
  A centaur zombie (D:6)
  A bullfrog zombie (D:5)
  3 orc priests
  A centaur skeleton (D:4)
  4 human zombies (Ossuary)
  A jelly (D:6)
  4 hounds
  13 orc wizards
  Jessica (D:5)
  Terence (D:3)
  2 iguanas
  7 worker ants
  A big kobold zombie (Ossuary)
  3 hound zombies
  3 mummies (Ossuary)
  A worker ant zombie (D:5)
  3 scorpion zombies (Ossuary)
  18 adders
  6 shadow imps
  2 white imps
  2 ufetubi
  An ooze (D:3)
  2 adder zombies (D:8)
  An adder skeleton (D:4)
  2 worms
  5 dart slugs
  4 leopard geckos
  32 orcs
  5 giant cockroaches
  3 gnoll zombies (Ossuary)
  6 goblins
  7 hobgoblins
  15 jackals
  5 quokkas
  3 ball pythons
  4 bats (D:1)
  3 frilled lizards
  6 hobgoblin zombies
  8 kobolds
  A kobold skeleton (D:8)
  4 kobold zombies
  An orc skeleton (D:8)
  4 orc zombies
  2 quokka skeletons (D:5)
  7 rats
  A plant (Lair:1)
327 creatures vanquished.

Vanquished Creatures (others)
  A scorpion (Ossuary)
  An iguana (D:4)
  A worker ant (D:4)
  A quokka (D:4)
  A ball python skeleton (D:4)
  2 hobgoblin zombies (Ossuary)
  2 bushes (Lair:1)
  36 fungi (D:9)
  9 plants
54 creatures vanquished.

Grand Total: 381 creatures vanquished

Notes
Turn   | Place    | Note
-------+----------+-------------------------------------------
     0 | D:1      | MalarOregon the Draconian Warper began the quest for the
                  | Orb.
     0 | D:1      | Reached XP level 1. HP: 17/17 MP: 3/3
   372 | D:1      | Reached skill level 1 in Throwing
   451 | D:1      | Reached XP level 2. HP: 23/25 MP: 5/5
  1232 | D:2      | Reached XP level 3. HP: 30/30 MP: 6/6
  1233 | D:2      | Found a bloodstained altar of Trog.
  1447 | D:2      | Found a shattered altar of Ashenzari.
  1855 | D:2      | Found a white marble altar of Elyvilon.
  2204 | D:2      | Found an opulent altar of Gozag.
  2212 | D:2      | Found a blossoming altar of Fedhas.
  2305 | D:2      | Became a worshipper of Gozag Ym Sagoz the Greedy
  2641 | D:3      | Reached XP level 4. HP: 34/37 MP: 7/7
  3448 | D:3      | Reached skill level 3 in Fighting
  3888 | D:3      | Noticed Sigmund
  3904 | D:3      | Noticed Terence
  3976 | D:3      | Killed Terence
  3976 | D:3      | Reached XP level 5. HP: 25/45 MP: 8/8
  4250 | D:3      | Found a hazy altar of Hepliaklqana.
  4491 | D:4      | Gained mutation: Your system is resistant to poisons.
                  | (rPois) [potion of mutation]
  4491 | D:4      | Gained mutation: You are robust. (+10% HP) [potion of
                  | mutation]
  4491 | D:4      | Gained mutation: Your flesh is cold resistant. (rC+)
                  | [potion of mutation]
  4924 | D:4      | Reached XP level 6. HP: 55/56 MP: 10/10
  5115 | D:4      | Found a shimmering altar of Xom.
  5928 | D:4      | Reached skill level 4 in Fighting
  5928 | D:4      | Your scales start taking on a fiery red colour.
  5928 | D:4      | Reached XP level 7. HP: 20/64 MP: 11/11
  5928 | D:4      | Gained mutation: Your flesh is heat resistant. (rF+) [Red
                  | Draconian growth]
  6389 | D:5      | Entered Level 5 of the Dungeon
  6553 | D:5      | Reached skill level 5 in Long Blades
  6745 | D:5      | Noticed Blork the orc
  6751 | D:5      | Killed Blork the orc
  6833 | D:5      | Noticed Jessica
  6838 | D:5      | Killed Jessica
  6838 | D:5      | Reached skill level 1 in Short Blades
  6853 | D:5      | Found a shimmering blue altar of Sif Muna.
  6933 | D:6      | Found a sand-covered staircase.
  6941 | Ossuary  | Entered an ossuary
  7548 | Ossuary  | Reached XP level 8. HP: 66/73 MP: 13/13
  8529 | D:6      | Identified the Handbook of Excruciating Summoning
  8548 | D:6      | Reached skill level 5 in Fighting
  9180 | D:5      | Found Nuram's Assorted Antiques.
  9186 | D:5      | Bought a silver wand for 104 gold pieces
  9186 | D:5      | Bought a bronze ring for 130 gold pieces
  9186 | D:5      | Bought a fuming orange potion for 23 gold pieces
  9186 | D:5      | Bought a scroll of enchant armour for 195 gold pieces
  9186 | D:5      | Bought a scroll of blinking for 195 gold pieces
  9236 | D:5      | Found a staircase to the Ecumenical Temple.
  9863 | D:6      | Reached XP level 9. HP: 81/81 MP: 15/15
  9898 | D:6      | Learned a level 2 spell: Blink
  9900 | D:6      | Learned a level 1 spell: Summon Butterflies
  9904 | D:6      | Learned a level 3 spell: Mephitic Cloud
  9912 | D:6      | Learned a level 7 spell: Orb of Destruction
 10657 | D:7      | Reached skill level 5 in Dodging
 10931 | D:7      | Reached skill level 6 in Fighting
 11144 | D:8      | Found a glowing golden altar of the Shining One.
 11244 | D:8      | Noticed Maggie
 11258 | D:7      | Reached skill level 5 in Spellcasting
 11367 | D:8      | Killed Maggie
 11525 | D:8      | Found a shadowy altar of Dithmenos.
 11532 | D:8      | Found Matzare's Antique Weapon Boutique.
 11643 | D:8      | Found a large runed translucent door.
 11644 | D:8      | Found a large runed translucent door.
 11673 | D:8      | Reached skill level 5 in Throwing
 12139 | D:8      | Found a bloodstained altar of Trog.
 12139 | D:8      | Found a glowing silver altar of Zin.
 12186 | D:8      | Noticed Joseph
 12204 | D:8      | Killed Joseph
 12548 | D:9      | Reached XP level 10. HP: 69/92 MP: 18/18
 12558 | D:9      | Reached skill level 5 in Short Blades
 12564 | D:9      | Reached skill level 7 in Fighting
 12941 | D:9      | Found a staircase to the Lair.
 13239 | D:9      | Found a sparkling altar of Nemelex Xobeh.
 13882 | D:9      | Found an ornate altar of the Wu Jian Council.
 14127 | D:10     | Entered Level 10 of the Dungeon
 14185 | D:10     | Reached skill level 8 in Fighting
 14314 | D:9      | Reached skill level 1 in Axes
 14482 | Lair:1   | Entered Level 1 of the Lair of Beasts
 14631 | Lair:1   | Noticed an oklob plant
 14777 | Lair:1   | Killed an oklob plant
 14777 | Lair:1   | Reached XP level 11. HP: 47/103 MP: 21/21
 16744 | Lair:1   | Reached skill level 9 in Fighting
 17580 | Lair:2   | Found a dark tunnel.
 17606 | Volcano  | Entered a volcano
 18477 | Volcano  | Noticed a skeletal warrior
 18491 | Volcano  | Reached XP level 12. HP: 63/114 MP: 23/23
 18499 | Volcano  | HP: 3/171 [skeletal warrior/+2 dire flail of flaming (8)]
 18512 | Volcano  | Mangled by a skeletal warrior

Illustrated notes

Levels and vault maps discovered:
D:1:      shiori_arrival_whats_in_store_for_you, layout_loops_corners
D:2:      layout_loops_ring, elyvilon_altar_4, overflow_temple_1_default,
          overflow_temple_1_default, lemuel_round_altar,
          trog_three_pillars_becter
D:3:      layout_basic, marbit_many_paths, kennysheep_generic_room_14,
          uniq_sigmund, uniq_terence
D:4:      layout_loops_corners, first_ration, xom_confusion_cloud
D:5:      layout_rooms, tgw_sif, minmay_temple_entry_grid, serial_shops,
          nicolae_shop_overgrown_old_shop, uniq_blork_the_orc
D:6:      layout_rooms, chequers_ossuary_entry_cave
D:7:      layout_loops_ring, grunt_ogre_cave, minmay_misc_feat_cross,
          nrook_loot_triangle, feat_on_display
D:8:      layout_basic, lemuel_doored_altar, nicolae_tso_besieged_by_evil,
          gammafunk_temple_overflow_statue, serial_shops, nicolae_shop_crystal,
          hangedman_decor_peaks_small, jmf_multi_god_temple2, uniq_maggie,
          uniq_joseph
D:9:      layout_roguey, overflow_temple_1_default, kennysheep_mini,
          due_lair_maze_entry_diamond
D:10:     layout_cave_pools, kennysheep_windowed_goal
Lair:1:   layout_gridlike, nicolae_quartered_pool_medium, wad_woods_06,
          beast_lair_carwin_5, minmay_lair_oklob_chamber
Lair:2:   layout_cave_pods, minmay_shoals_entry_lonely_mermaid,
          nicolae_volcano_entry_batcave, chequers_serial_rivers_marsh,
          minmay_lindwurm_lava
Volcano:  volcano_tomb [vts_original]

Skill      XL: |  1  2  3  4  5  6  7  8  9 10 11 |
---------------+----------------------------------+-----
Throwing       | 1 2 3 4 5 6 7 |  7.6
Long Blades    | 3 4 5 6 |  6.4
Fighting       | 3 4 5 6 8 9 |  9.4
Dodging        | 3 4 5 6 8 |  8.0
Spellcasting   | 3 4 5 6 7 |  7.9
Short Blades   | 1 3 4 6 7 |  7.6
Axes           | 1 4 |  4.4
Translocations | |  3.0

Action                   |  1- 3 |  4- 6 |  7- 9 | 10-12 || total
-------------------------+-------+-------+-------+-------++-------
Melee: Falchion          |   156 |   236 |    50 |       ||   442
       Tailslap          |    19 |    26 |    86 |    70 ||   201
       Dagger            |       |       |   724 |   641 ||  1365
       Broad axe         |       |       |       |    17 ||    17
       Unarmed           |       |       |       |    31 ||    31
Throw: Boomerang         |     2 |     3 |       |       ||     5
Invok: Potion Petition   |       |       |       |     4 ||     4
 Abil: Breathe Fire      |       |       |     5 |     3 ||     8
Evoke: Wand              |       |       |       |     1 ||     1
       Lightning rod     |       |       |       |     4 ||     4
  Use: Scroll            |     2 |     5 |    19 |     2 ||    28
       Potion            |       |     1 |     6 |     5 ||    12
 Stab: Sleeping          |       |     1 |     1 |     3 ||     5
       Confused          |       |     1 |       |       ||     1
       Distracted        |       |       |     2 |     2 ||     4
       Invisible         |       |       |       |     2 ||     2
  Eat: Ration            |     2 |     3 |     5 |     6 ||    16
Armor: Skin              |    46 |    62 |   184 |   164 ||   456
Dodge: Dodged            |   106 |   126 |   429 |   295 ||   956
       Rpst.: Falchion   |    32 |    32 |    18 |       ||    82

Table legend:
 A = Non-vault XP
 B = Vault XP
 C = Vault XP percentage of total XP
 D = Non-vault monster count
 E = Vault monster count
 F = Vault count percentage of total count
                 A         B        C        D         E       F
            +---------+---------+-------+---------+---------+-------
      Total |   13906 |    8486 |  37.9 |     243 |      83 |  25.5
            +---------+---------+-------+---------+---------+-------
        D:1 |      39 |       0 |   0.0 |      23 |       0 |   0.0
        D:2 |      68 |       0 |   0.0 |      22 |       0 |   0.0
        D:3 |      48 |      59 |  55.1 |       9 |       4 |  30.8
        D:4 |     366 |     243 |  39.9 |      22 |       6 |  21.4
        D:5 |     494 |     133 |  21.2 |      21 |       2 |   8.7
        D:6 |     754 |       0 |   0.0 |      32 |       0 |   0.0
        D:7 |     675 |     121 |  15.2 |      19 |       1 |   5.0
        D:8 |     506 |    1075 |  68.0 |      15 |      17 |  53.1
        D:9 |    2986 |    1209 |  28.8 |      33 |       9 |  21.4
       D:10 |     618 |       0 |   0.0 |      11 |       0 |   0.0
     Lair:1 |    6676 |    2673 |  28.6 |      33 |       8 |  19.5
     Lair:2 |     676 |     609 |  47.4 |       3 |       3 |  50.0
    Ossuary |       0 |     649 | 100.0 |       0 |      26 | 100.0
    Volcano |       0 |    1715 | 100.0 |       0 |       7 | 100.0
            +---------+---------+-------+---------+---------+-------
